 Dungeon Crawl Stone Soup version 0.25.0-9-g26727b657a (webtiles) character file.

Game seed: 17605167959659217964

833 MisterFreud the Magician (level 7, -4/56 HPs)
             Began as a Gnoll Wanderer on June 17, 2020.
             Was an Initiate of Ru.
             Slain by a centaur
             ... wielding a +0 long sword
              (7 damage)
             ... on level 5 of the Dungeon.
             The game lasted 00:09:29 (5792 turns).

MisterFreud the Magician (Gnoll Wanderer)           Turns: 5792, Time: 00:09:30

Health: -4/56      AC:  2    Str: 14    XL:     7   Next: 98%
Magic:  11/15      EV: 13    Int: 17    God:    Ru [......]
Gold:   254        SH:  0    Dex: 14    Spells: 13/17 levels left

rFire    . . .     SeeInvis .   u - +0 war axe (freeze)
rCold    . . .     Gourm    .   (no shield)
rNeg     . . .     Faith    .   d - +0 robe
rPois    .         Spirit   .   (no helmet)
rElec    .         Reflect  .   (no cloak)
rCorr    .         Harm     .   (no gloves)
MR       .....                  (no boots)
Stlth    ++........             n - amulet of the acrobat
HPRegen  0.18/turn              i - ring of wizardry
MPRegen  0.14/turn              (no ring)

@: frozen ramparts
A: distributed training, fangs 1, strong nose
a: Renounce Religion


You were on level 5 of the Dungeon.
You worshipped Ru.
Ru was noncommittal.
You were hungry.

You visited 1 branch of the dungeon, and saw 6 of its levels.
You also visited: Sewer.

You collected 254 gold pieces.

Inventory:

Hand Weapons
 a - a +0 falchion
 u - a +0 war axe of freezing (weapon)
Missiles
 c - 8 javelins (quivered)
 e - 29 poisoned darts
 x - a throwing net
Armour
 d - a +0 robe (worn)
Jewellery
 i - a ring of wizardry (left hand)
 n - an amulet of the acrobat (around neck)
Scrolls
 g - a scroll of fog {unknown}
 h - 2 scrolls of noise {unknown}
 j - 5 scrolls of teleportation {unknown}
 l - 3 scrolls of remove curse {unknown}
 m - 3 scrolls of enchant weapon {unknown}
 o - 6 scrolls of identify {unknown}
 s - 2 scrolls of immolation {unknown}
 v - 2 scrolls of blinking {unknown}
 w - a scroll of amnesia {unknown}
Potions
 k - 3 potions of haste
 p - 2 potions of flight {unknown}
 q - 4 potions of curing {unknown}
 r - 2 potions of might {unknown}
 t - 2 potions of heal wounds
Miscellaneous
 b - a box of beasts
Comestibles
 f - 5 rations


   Skills:
 + Level 5.4 Fighting
 + Level 2.7 Short Blades
 + Level 2.7 Long Blades
 + Level 2.7 Axes
 + Level 2.7 Maces & Flails
 + Level 2.7 Polearms
 + Level 3.8 Staves
 + Level 2.7 Slings
 + Level 2.7 Bows
 + Level 2.7 Crossbows
 + Level 3.8 Throwing
 + Level 2.7 Armour
 + Level 2.7 Dodging
 + Level 2.7 Stealth
 + Level 2.7 Shields
 + Level 2.7 Unarmed Combat
 + Level 5.7 Spellcasting
 + Level 2.2 Conjurations
 + Level 2.2 Hexes
 + Level 2.2 Charms
 + Level 2.2 Summonings
 + Level 2.2 Necromancy
 + Level 2.2 Translocations
 + Level 2.2 Transmutations
 + Level 2.2 Fire Magic
 + Level 3.1 Ice Magic
 + Level 4.4 Air Magic
 + Level 2.2 Earth Magic
 + Level 2.2 Poison Magic
 + Level 3.0 Invocations
 + Level 3.8 Evocations


You had 13 spell levels left.
You knew the following spells:

 Your Spells              Type           Power        Failure   Level  Hunger
a - Freeze                Ice            ###.         1%          1    None
b - Frozen Ramparts       Ice            ###...       4%          3    ##.....

Your spell library contained the following spells:

 Spells                   Type           Power        Failure   Level  Hunger


Dungeon Overview and Level Annotations

Branches:
Dungeon (6/15)              Sewer (visited)
 Temple: D:4-7

Altars:
Fedhas
Kikubaaqudgha
Nemelex Xobeh
Ru
Trog
Uskayaw
Vehumet


Innate Abilities, Weirdness & Mutations

Your experience applies equally to all skills.
You have very sharp teeth.
Your uncanny sense of smell can sniff out nearby items.


Message History

The walls around you are covered in ice.
The centaur shoots an arrow.
The arrow hits you!
Unknown command.
The centaur shoots an arrow.
The arrow closely misses you.
The centaur zaps a wand.
You resist with some effort.
You see here an arrow.
You closely miss the centaur.
The centaur unwields a +0 shortbow.
The centaur wields a +0 long sword.
The centaur hits you with a +0 long sword.
The centaur zaps a wand.
You resist with some effort.
You slash the centaur! You freeze the centaur.
The centaur is heavily wounded.
The centaur hits you with a +0 long sword!
* * * LOW HITPOINT WARNING * * *
The centaur hits you with a +0 long sword!
* * * LOW HITPOINT WARNING * * *
You barely miss the centaur. Your bite misses the centaur.
The centaur is heavily wounded.
The centaur hits you with a +0 long sword!
You die...

#........# #.####### #...
#........####.#.....########...
#..............................
#...........###......##########
##..........# ######.#### #
#..........# #.........# #
#..........# #(........# #
#..........###..(......# #
#######.....(@.........# #
#>....c.........## #
##..........###..# #
#......##.......## #
#......##...)....#### #
#########...........# #
#####.......### #..........
#####..#...


You could see a centaur.

Vanquished Creatures
  An ogre (D:5)
  A phantom (D:5)
  2 big kobolds (Sewer)
  A howler monkey (D:4)
  A crimson imp (D:3)
  2 orc priests
  A jelly (D:5)
  Jessica (D:2)
  An orc wizard (D:5)
  3 worker ants (D:5)
  A howler monkey zombie (D:5)
  9 adders
  4 oozes
  5 worms
  2 leopard geckos
  14 orcs
  2 giant cockroaches
  2 goblins (D:3)
  6 hobgoblins
  12 jackals
  A quokka (D:3)
  8 ball pythons
  11 bats
  A frilled lizard (D:2)
  14 kobolds
  19 rats
125 creatures vanquished.

Vanquished Creatures (collateral kills)
  A shadow imp (D:5)
1 creature vanquished.

Vanquished Creatures (others)
  10 toadstools (D:2)
10 creatures vanquished.

Grand Total: 136 creatures vanquished

Notes
Turn   | Place    | Note
-------+----------+-------------------------------------------
     0 | D:1      | MisterFreud the Gnoll Wanderer began the quest for the Orb.
     0 | D:1      | MisterFreud set off with the following items: a +0
                  | falchion, a box of beasts, a +0 robe, a ration; and the
                  | following spell memorised: Freeze; and the following spells
                  | available to memorise: Frozen Ramparts
     0 | D:1      | Reached XP level 1. HP: 20/20 MP: 6/6
   263 | D:1      | Reached XP level 2. HP: 24/26 MP: 3/7
   715 | D:1      | Reached XP level 3. HP: 30/31 MP: 9/9
   720 | D:1      | Learned a level 3 spell: Frozen Ramparts
   922 | D:2      | Found a blossoming altar of Fedhas.
   955 | D:2      | Noticed Jessica
   956 | D:2      | Reached skill level 5 in Spellcasting
   970 | D:2      | Killed Jessica
   970 | D:2      | Reached skill level 1 in Short Blades
   970 | D:2      | Reached skill level 1 in Long Blades
   970 | D:2      | Reached skill level 1 in Axes
   970 | D:2      | Reached skill level 1 in Maces & Flails
   970 | D:2      | Reached skill level 1 in Polearms
   970 | D:2      | Reached skill level 1 in Slings
   970 | D:2      | Reached skill level 1 in Bows
   970 | D:2      | Reached skill level 1 in Crossbows
   970 | D:2      | Reached skill level 1 in Armour
   970 | D:2      | Reached skill level 1 in Dodging
   970 | D:2      | Reached skill level 1 in Stealth
   970 | D:2      | Reached skill level 1 in Shields
   970 | D:2      | Reached skill level 1 in Unarmed Combat
   970 | D:2      | Reached skill level 1 in Invocations
  1161 | D:2      | Reached XP level 4. HP: 38/38 MP: 9/11
  1189 | D:2      | Found a sparkling altar of Nemelex Xobeh.
  1524 | D:3      | Reached skill level 1 in Conjurations
  1524 | D:3      | Reached skill level 1 in Hexes
  1524 | D:3      | Reached skill level 1 in Charms
  1524 | D:3      | Reached skill level 1 in Summonings
  1524 | D:3      | Reached skill level 1 in Necromancy
  1524 | D:3      | Reached skill level 1 in Translocations
  1524 | D:3      | Reached skill level 1 in Transmutations
  1524 | D:3      | Reached skill level 1 in Fire Magic
  1524 | D:3      | Reached skill level 1 in Earth Magic
  1524 | D:3      | Reached skill level 1 in Poison Magic
  1528 | D:3      | Reached XP level 5. HP: 12/43 MP: 1/12
  2154 | D:3      | Found a hide-covered altar of Uskayaw.
  2540 | D:4      | Found a glowing drain.
  2547 | Sewer    | Entered a sewer
  2766 | Sewer    | Noticed a big kobold
  2788 | Sewer    | Killed a big kobold
  2788 | Sewer    | Reached XP level 6. HP: 20/50 MP: 7/13
  3026 | Sewer    | Reached skill level 5 in Fighting
  4081 | D:4      | Found an ancient bone altar of Kikubaaqudgha.
  4114 | D:4      | Reached XP level 7. HP: 46/56 MP: 9/15
  4436 | D:5      | Entered Level 5 of the Dungeon
  5571 | D:5      | Found a radiant altar of Vehumet.
  5572 | D:5      | Found a bloodstained altar of Trog.
  5644 | D:5      | Found a sacrificial altar of Ru.
  5689 | D:5      | Became a worshipper of Ru the Awakened
  5791 | D:5      | HP: 2/56 [centaur/+0 long sword (9)]
  5792 | D:5      | Slain by a centaur

Illustrated notes

Levels and vault maps discovered:
D:1:      onia_arrival_mini_spirals, layout_rooms
D:2:      cheibrodos_fertilizer, layout_basic, nicolae_overflow_crystal_walls,
          nicolae_overflow_hidden_temple, uniq_jessica
D:3:      layout_loops_ring, eat_drink_and_be_merry_uskayaw, first_ration
D:4:      layout_cave_pools, old_standard_altar, cheibrodos_sewer_entry_sluice,
          minmay_cupped
D:5:      layout_basic, gammafunk_temple_overflow_statue,
          nicolae_ru_awakened_eye
D:6:      layout_layer_cave, temple_fountains, serial_shops, shop_fountains,
          nicolae_shop_statue_plus

Skill      XL: |  1  2  3  4  5  6  7 |
---------------+----------------------+-----
Ice Magic      | 2 3 |  3.1
Spellcasting   | 5 |  5.7
Short Blades   | 1 2 |  2.7
Long Blades    | 1 2 |  2.7
Axes           | 1 2 |  2.7
Maces & Flails | 1 2 |  2.7
Polearms       | 1 2 |  2.7
Slings         | 1 2 |  2.7
Bows           | 1 2 |  2.7
Crossbows      | 1 2 |  2.7
Armour         | 1 2 |  2.7
Dodging        | 1 2 |  2.7
Stealth        | 1 2 |  2.7
Shields        | 1 2 |  2.7
Unarmed Combat | 1 2 |  2.7
Invocations    | 1 2 3 |  3.0
Conjurations   | 1 2 |  2.2
Hexes          | 1 2 |  2.2
Charms         | 1 2 |  2.2
Summonings     | 1 2 |  2.2
Necromancy     | 1 2 |  2.2
Translocations | 1 2 |  2.2
Transmutations | 1 2 |  2.2
Fire Magic     | 1 2 |  2.2
Earth Magic    | 1 2 |  2.2
Poison Magic   | 1 2 |  2.2
Staves         | 3 |  3.8
Throwing       | 3 |  3.8
Evocations     | 3 |  3.8
Air Magic      | 4 |  4.4
Fighting       | 5 |  5.4

Action                   |  1- 3 |  4- 6 |  7- 9 || total
-------------------------+-------+-------+-------++-------
Melee: Falchion          |    45 |   153 |    13 ||   211
       Bite              |     4 |    21 |     5 ||    30
       Punch             |       |     1 |       ||     1
       War axe           |       |       |    25 ||    25
Throw: Javelin           |       |       |     8 ||     8
 Cast: Freeze            |    12 |    15 |       ||    27
       Frozen Ramparts   |     1 |    19 |    14 ||    34
Evoke: Box of beasts     |       |       |     1 ||     1
  Use: Potion            |       |     1 |     1 ||     2
 Stab: Sleeping          |     1 |     2 |       ||     3
  Eat: Chunk             |     1 |     8 |     5 ||    14
       Ration            |       |     1 |       ||     1
Armor: Robe              |    27 |    24 |     4 ||    55
Dodge: Dodged            |    32 |   140 |    34 ||   206
       Rpst.: Falchion   |     8 |    31 |     3 ||    42
